[Event "Late-Titled-Tuesday-Blitz-February-20-2024"]
[Site "Chess.com"]
[Date "2024.02.20"]
[Round "5"]
[White "carloseduar100"]
[Black "Herman-NY"]
[Result "1-0"]
[WhiteElo "2371"]
[BlackElo "2505"]
[TimeControl "180+1"]
[EndTime "14:54:03 PST"]
[Termination "carloseduar100 won by resignation"]

1. e4 e5 2. Nf3 Nc6 3. Nc3 d6 4. d4 Bd7 5. dxe5 dxe5 6. Bc4 h6 7. O-O Nf6 8. h3 Bd6 9. Be3 O-O 10. a3 Re8 11.
Qd2 Bf8 12. Rad1 Be6 13. Nd5 Nxe4 14. Qc1 Nd6 15. Bb3 e4 16. Nd4 Nxd4 17. Rxd4 c6 18. Nc3 Bxb3 19. cxb3 Qf6 20. Rfd1 g5 21. Qc2 Qg6 22.
Qd2 Re6 23. b4 a6 24. Na4 Rae8 25. Nc5 Rf6 26. Nd7 Rfe6 27. Nxf8 Kxf8 28. Rxd6 Rxd6 29. Qxd6+ Qxd6 30. Rxd6 Re6 31. Rd7 1-0

[Event "Late-Titled-Tuesday-Blitz-February-20-2024"]
[Site "Chess.com"]
[Date "2024.02.20"]
[Round "5"]
[White "ProphetReborn"]
[Black "MagnusCarlsen"]
[Result "1-0"]
[WhiteElo "2860"]
[BlackElo "3325"]
[TimeControl "180+1"]
[EndTime "14:54:09 PST"]
[Termination "ProphetReborn won by resignation"]

1. d4 c5 2. d5 f5 3. c4 Nf6 4.
Nc3 e5 5. dxe6 d6 6. Nh3 Bxe6 7. e3 Nc6 8. Ng5 Bg8 9. Be2 g6 10. O-O Bg7 11. b3 h6 12. Nh3 g5 13. Bb2 Be6 14.
Nb5 O-O 15. Qxd6 Qxd6 16. Nxd6 Rad8 17. Rad1 b6 18. a3 Rd7 19. f4 Ng4 20. Bxg7 Kxg7 21. fxg5 Rfd8 22. gxh6+ Kg8 23. Bxg4 fxg4 24. Ng5 Re7 25.
h7+ Kg7 26. Nxe6+ Rxe6 27. Nf7 Rde8 28. Rd7 Kxh7 29. Ng5+ Kg6 30. Nxe6 Rxe6 31. Rfd1 1-0

[Event "Late-Titled-Tuesday-Blitz-February-20-2024"]
[Site "Chess.com"]
[Date "2024.02.20"]
[Round "5"]
[White "Tunahan_Makaraci"]
[Black "Ready4abattle"]
[Result "1-0"]
[WhiteElo "2520"]
[BlackElo "2281"]
[TimeControl "180+1"]
[EndTime "14:54:10 PST"]
[Termination "Tunahan_Makaraci won by resignation"]

1. e4 c5 2. Nf3 Nc6 3. c3 d5 4. exd5 Qxd5 5. d4 Bf5 6. Be3 Nf6 7. dxc5 Qxd1+ 8. Kxd1 Ng4 9. Nbd2 Nxe3+ 10. fxe3 e6 11.
b4 O-O-O 12. Nd4 Bg4+ 13. Be2 h5 14. Bxg4 hxg4 15. Nxc6 bxc6 16. Kc2 Be7 17. Nc4 Rd5 18. h3 Rdh5 19. Rhf1 gxh3 20. gxh3 f6 21. Na5 Kc7 22.
Rad1 Rxh3 23. Rd3 Rh2+ 24. Kb3 Rd8 25. Rxd8 Bxd8 26. Nc4 g5 27. Nd6 Kd7 28. Rd1 Be7 29.
Nb5+ Ke8 30. Nxa7 Re2 31. Nxc6 Rxe3 32. Nxe7 Kxe7 33. c6 1-0

[Event "Late-Titled-Tuesday-Blitz-February-20-2024"]
[Site "Chess.com"]
[Date "2024.02.20"]
[Round "5"]
[White "Gentlejimmy7"]
[Black "Josetricks"]
[Result "1-0"]
[WhiteElo "2572"]
[BlackElo "2399"]
[TimeControl "180+1"]
[EndTime "14:54:11 PST"]
[Termination "Gentlejimmy7 won by resignation"]

1. c4 g6 2. g3 Bg7 3. Bg2 d6 4. Nf3 Nf6 5. O-O O-O 6. b3 Nbd7 7. Bb2 c5 8. d4 Rb8 9. Nc3 a6 10. a4 b6 11. Rc1 Ne8 12. Qd2 Nc7 13. Rfd1 b5 14.
Rb1 bxc4 15. bxc4 Rb4 16. Nd5 Rxc4 17. dxc5 Nxc5 18. Bxg7 Kxg7 19. Nb6 Re4 20. Nd4 Bb7 21. Bxe4 Nxe4 22. Qb2 e5 23. Nf3 Bc6 24. Nxe5 Qf6 25. Nxc6 Nc3 26. Nd7 1-0

[Event "Late-Titled-Tuesday-Blitz-February-20-2024"]
[Site "Chess.com"]
[Date "2024.02.20"]
[Round "5"]
[White "ACollins05"]
[Black "lucliasco"]
[Result "0-1"]
[WhiteElo "2585"]
[BlackElo "2880"]
[TimeControl "180+1"]
[EndTime "14:54:15 PST"]
[Termination "lucliasco won by resignation"]

1. d4 d5 2. c4 Nc6 3. cxd5 Qxd5 4. e3 e5 5. Nc3 Bb4 6. a3 Bxc3+ 7. bxc3 Nf6 8. c4 Qd6 9. d5 Ne7 10. a4 c5 11. Nf3 e4 12. Nd2 Ng6 13. Be2 O-O 14. a5 Re8 15. O-O Ne5 16. Ba3 Bg4 17.
h3 Bxe2 18. Qxe2 b6 19. Rfb1 Rab8 20. Rb5 Nd3 21. Nxe4 Nxe4 22. Qxd3 Nxf2 23. Qe2 Ne4 24. Qb2 Re5 25. axb6 axb6 26. Rf1 Rg5 27. Rf4 f5 28. Qb3 Qh6 29. Kh2 Qd6 30. Kg1 Rg3 31. Qd3 Qxf4 32. Bc1 Qf2+ 0-1

[Event "Late-Titled-Tuesday-Blitz-February-20-2024"]
[Site "Chess.com"]
[Date "2024.02.20"]
[Round "5"]
[White "ajeale2"]
[Black "babero_gordo"]
[Result "1-0"]
[WhiteElo "2500"]
[BlackElo "2170"]
[TimeControl "180+1"]
[EndTime "14:54:17 PST"]
[Termination "ajeale2 won by resignation"]

1. d4 Nf6 2. Bf4 g6 3. Nc3 d5 4. Qd2 c6 5. h4 h5 6. Nf3 Bg7 7. Ne5 Nbd7 8. O-O-O a5 9. f3 a4 10. e4 dxe4 11. Bc4 Nxe5 12. dxe5 Qxd2+ 13. Rxd2 Nd7 14. e6 fxe6 15. Nxe4 a3 16. Bxe6 axb2+ 17. Kb1 Nb6 18. Bb3 Na4 19. Rhd1 Bf5 20. Bc7 e6 21. Bxa4 O-O 22.
Bb3 Bxe4 23. fxe4 Bc3 24. Rd8 Raxd8 25. Rxd8 Kg7 26. Rxf8 Kxf8 27. Bxe6 Ke7 28. Bc8 b5 29. e5 c5 30. Bd6+ Kd8 31. Ba6 b4 32. Bd3 Kd7 33.
Bxg6 Ke6 34. Bxh5 c4 35. Bg4+ Kd5 36. Bf3+ Ke6 37. h5 b3 38. axb3 cxb3 39. cxb3 Kd7 40. h6 Ke8 41. h7 Kf7 1-0

[Event "Late-Titled-Tuesday-Blitz-February-20-2024"]
[Site "Chess.com"]
[Date "2024.02.20"]
[Round "5"]
[White "pr1105"]
[Black "abeljusto"]
[Result "1-0"]
[WhiteElo "2336"]
[BlackElo "2077"]
[TimeControl "180+1"]
[EndTime "14:54:24 PST"]
[Termination "pr1105 won on time"]

1. e4 c5 2. Nf3 Nc6 3. Bb5 g6 4. Bxc6 dxc6 5. d3 Bg7 6. h3 Nf6 7. Be3 b6 8. a4 a5 9. Nbd2 O-O 10.
O-O Qc7 11. Nc4 Nd7 12. Qd2 Re8 13. Nh2 e5 14. f4 exf4 15. Bxf4 Ne5 16. Nxe5 Bxe5 17.
Bxe5 Qxe5 18. b3 h5 19. Rf2 Be6 20. Raf1 Rad8 21. Nf3 Qg7 22. Qf4 Rd7 23. Ne5 Rc8 24.
Nxd7 Bxd7 25. Qxf7+ Qxf7 26. Rxf7 Be8 27. Rb7 b5 28.
Ra7 bxa4 29. bxa4 Rb8 30. Rxa5 1-0

[Event "Late-Titled-Tuesday-Blitz-February-20-2024"]
[Site "Chess.com"]
[Date "2024.02.20"]
[Round "5"]
[White "Hikaru"]
[Black "Andrei_Skvortsov"]
[Result "1-0"]
[WhiteElo "3235"]
[BlackElo "2697"]
[TimeControl "180+1"]
[EndTime "14:54:26 PST"]
[Termination "Hikaru won by resignation"]

1. h3 e5 2. c4 Nf6 3. Nc3 Nc6 4. g4 Bb4 5. Bg2 d6 6. d3 O-O 7. a3 Bxc3+ 8. bxc3 Ne7 9. e3 Ng6 10. g5 Nd7 11. h4 f5 12. f4 c6 13. h5 Ne7 14. h6 g6 15. a4 Qc7 16. Ba3 Re8 17. Ne2 b6 18. O-O Nc5 19. d4 exd4 20. cxd4 Ne4 21. d5 cxd5 22. cxd5 Bb7 23. Qd4 Nxd5 24. Bb2 Ndf6 25. Bxe4 Bxe4 26. Qxf6 Re7 27. Rac1 Qb7 28.
Qh8+ Kf7 29. Qxh7+ Ke6 30. Qxg6+ Kd7 31. Rfd1 Re6 32.
Qf7+ Re7 33. Rxd6+ Kxd6 34. Ba3+ 1-0

[Event "Late-Titled-Tuesday-Blitz-February-20-2024"]
[Site "Chess.com"]
[Date "2024.02.20"]
[Round "5"]
[White "Rashad_Zeynalli"]
[Black "Antipov_Mikhail_Al"]
[Result "1-0"]
[WhiteElo "2662"]
[BlackElo "2940"]
[TimeControl "180+1"]
[EndTime "14:54:26 PST"]
[Termination "Rashad_Zeynalli won by resignation"]

1. e4 c5 2. Nf3 e6 3. d4 cxd4 4. Nxd4 a6 5. Nc3 Ne7 6. Be3 Nec6 7. Qd2 Be7 8. Nxc6 Nxc6 9. O-O-O b5 10. Kb1 Bb7 11. f3 Qc7 12. Bf4 Qc8 13. g4 h5 14.
Rg1 hxg4 15. Rxg4 Bf6 16. Bd6 Ne5 17. Rg3 Nc4 18. Bxc4 Qxc4 19. e5 Bh4 20. Rxg7 Bxf3 21. Rdg1 O-O-O 22. Qe3 Qc6 23. Rxf7 Bh5 24. Qa7 Qb7 25.
Qc5+ Qc6 26. Qxc6+ dxc6 27. Rc7+ Kb8 28. Rgg7 1-0

[Event "Late-Titled-Tuesday-Blitz-February-20-2024"]
[Site "Chess.com"]
[Date "2024.02.20"]
[Round "5"]
[White "HajiyevKanan"]
[Black "kalxandria"]
[Result "1-0"]
[WhiteElo "2491"]
[BlackElo "2242"]
[TimeControl "180+1"]
[EndTime "14:54:27 PST"]
[Termination "HajiyevKanan won by resignation"]

1. d4 Nf6 2. Nf3 e6 3. c4 d5 4. cxd5 exd5 5. Nc3 c6 6. Qc2 Be7 7. Bf4 O-O 8. e3 Na6 9. a3 Be6 10. Bd3 c5 11. O-O c4 12. Be2 Nc7 13. a4 b6 14. Ng5 h6 15. Nxe6 Nxe6 16. Be5 a6 17. Bf3 Ng5 18. Be2 Qd7 19. f4 Nge4 20. Bf3 Nxc3 21. bxc3 b5 22. Rfb1 bxa4 23. Qxa4 Qxa4 24. Rxa4 Nd7 25. Bxd5 Nxe5 26. Bxa8 Ng4 27. Be4 Nxe3 28. h3 f5 29. Bf3 Bd6 30. g3 g5 31.
Rxa6 1-0

[Event "Late-Titled-Tuesday-Blitz-February-20-2024"]
[Site "Chess.com"]
[Date "2024.02.20"]
[Round "5"]
[White "MarcoRiehle"]
[Black "rhungaski"]
[Result "1-0"]
[WhiteElo "2860"]
[BlackElo "2602"]
[TimeControl "180+1"]
[EndTime "14:54:29 PST"]
[Termination "MarcoRiehle won on time"]

1. e4 g6 2. d4 Bg7 3. c4 d6 4. Nc3 Nf6 5. f3 O-O 6. Be3 a6 7. Qd2 Nc6 8. Nge2 Na5 9. Nc1 c5 10. dxc5 dxc5 11. Qxd8 Rxd8 12. Bxc5 Nc6 13. Nb3 Nd7 14.
Be3 e6 15. O-O-O b6 16. Be2 h6 17. Rd2 Kf8 18. Rhd1 Ke7 19. f4 Bxc3 20. bxc3 Bb7 21. c5 b5 22. e5 Rac8 23. Bf3 Ba8 24. Rd6 Ndb8 25. Kb2 Rd7 26. g4 Rcd8 27. Kc2 Rc8 28. Kb1 Rcc7 29. Bh1 Bb7 30. Nd4 Nxd4 31. cxd4 Bxh1 32.
Rxh1 Nc6 33. Kc2 Nb4+ 34. Kd2 Nxa2 35. Rb1 1-0

[Event "Late-Titled-Tuesday-Blitz-February-20-2024"]
[Site "Chess.com"]
[Date "2024.02.20"]
[Round "5"]
[White "ahmedkandiliii"]
[Black "BardArtem"]
[Result "0-1"]
[WhiteElo "2522"]
[BlackElo "2774"]
[TimeControl "180+1"]
[EndTime "14:54:31 PST"]
[Termination "BardArtem won by checkmate"]

1. e4 e5 2. Nf3 Nc6 3. Bb5 Nge7 4. c3 d5 5. Qe2 dxe4 6. Qxe4 a6 7. Ba4 f5 8. Qe2 e4 9. Ne5 Qd5 10. Nxc6 Nxc6 11. O-O Be6 12. Bb3 Qd7 13. Bxe6 Qxe6 14. d3 O-O-O 15. dxe4 fxe4 16. Nd2 Re8 17. Re1 e3 18.
fxe3 Bc5 19. Nf1 Ne5 20. Kh1 Rhf8 21. e4 Ng4 22. Be3 Rxf1+ 23. Qxf1 Bxe3 24. Qf3 Nf2+ 25. Kg1 Bb6 26. Kf1 Nxe4 27. Re2 Qc4 28. b3 Nd2+ 29. Ke1 Nxf3+ 30. gxf3 Qxe2# 0-1

[Event "Late-Titled-Tuesday-Blitz-February-20-2024"]
[Site "Chess.com"]
[Date "2024.02.20"]
[Round "5"]
[White "Onthequiet"]
[Black "midedu"]
[Result "1-0"]
[WhiteElo "2440"]
[BlackElo "2006"]
[TimeControl "180+1"]
[EndTime "14:54:34 PST"]
[Termination "Onthequiet won on time"]

1. d4 Nf6 2. Nf3 g6 3. Bg5 Bg7 4. Nbd2 d6 5. c3 O-O 6. e4 h6 7. Bh4 a6 8. a4 Nc6 9. d5 Nb8 10. h3 c6 11. Bd3 cxd5 12. Bxf6 Bxf6 13. exd5 Nd7 14. O-O Bg7 15. Re1 Rb8 16. Qe2 Re8 17. Nc4 Nf6 18. Ne3 Qc7 19. Red1 Nh5 20. Be4 Bd7 21. Qc4 Rec8 22. Qxc7 Rxc7 23. Nd4 Nf4 24. h4 h5 25. Bf3 e5 26. dxe6 fxe6 27. g3 e5 28. Ne2 Ne6 29. Rxd6 Bf8 30. Rdd1 Bc6 31. Bd5 Kf7 32. f4 exf4 33. Nxf4 Bd7 34. Rf1 1-0

[Event "Late-Titled-Tuesday-Blitz-February-20-2024"]
[Site "Chess.com"]
[Date "2024.02.20"]
[Round "5"]
[White "Hrant_ChessMood"]
[Black "Mr_Heisenberg13"]
[Result "1-0"]
[WhiteElo "3017"]
[BlackElo "2852"]
[TimeControl "180+1"]
[EndTime "14:54:35 PST"]
[Termination "Hrant_ChessMood won by resignation"]

1. Nf3 d5 2. d4 Nf6 3. c4 e6 4.
Nc3 Bb4 5. Bg5 dxc4 6. a3 Bxc3+ 7. bxc3 b5 8. Nd2 h6 9. Bxf6 Qxf6 10. Qb1 c6 11. a4 a6 12. g3 O-O 13. Bg2 Ra7 14. Nxc4 Nd7 15. Na5 c5 16. O-O Rc7 17. e3 b4 18.
cxb4 cxd4 19. exd4 Qxd4 20. Nc6 Qb6 21. Rc1 Nf6 22.
a5 Qb5 23. Rc5 Qe2 24. Nd4 Qd2 25. Rxc7 Qxd4 26. h3 Nd5 27. Bxd5 Qxd5 28. Qd1 Qe4 29. Qe1 Qf3 30. Qc3 Qa8 31. b5 axb5 32. a6 e5 33. Qc6 Qxc6 34. Rxc6 b4 35. Rb6 1-0

[Event "Late-Titled-Tuesday-Blitz-February-20-2024"]
[Site "Chess.com"]
[Date "2024.02.20"]
[Round "5"]
[White "Yushko_Olga"]
[Black "Jaka_Brilej"]
[Result "0-1"]
[WhiteElo "2213"]
[BlackElo "2509"]
[TimeControl "180+1"]
[EndTime "14:54:35 PST"]
[Termination "Jaka_Brilej won by resignation"]

1. d4 Nf6 2. c4 g6 3. Nc3 Bg7 4. Nf3 d6 5. Bg5 O-O 6. e3 h6 7. Bh4 c5 8. Be2 cxd4 9. exd4 Nc6 10. O-O Bf5 11. Bd3 Bxd3 12. Qxd3 Rc8 13. b3 Nb4 14.
Qd2 Nh7 15. Rfe1 g5 16. Bg3 f5 17. h4 f4 18. Bh2 g4 19. Bxf4 gxf3 20. Bxh6 fxg2 21.
Ne4 Nc6 22. Ng3 Nxd4 23. Kxg2 e5 24. Re4 Qf6 25. Rg4 Qf3+ 26. Kh3 Rc7 27. Rg1 Nf6 28. Rxg7+ Rxg7 29. Bxg7 Kxg7 30. Qg5+ Kf7 31. Rg2 Rg8 32. Qh6 Qg4+ 33. Kh2 Nf3+ 34. Kh1 Qh3+ 0-1

[Event "Late-Titled-Tuesday-Blitz-February-20-2024"]
[Site "Chess.com"]
[Date "2024.02.20"]
[Round "5"]
[White "giomar27"]
[Black "ChEsper99"]
[Result "1-0"]
[WhiteElo "2467"]
[BlackElo "2260"]
[TimeControl "180+1"]
[EndTime "14:54:39 PST"]
[Termination "giomar27 won on time"]

1. Nc3 c5 2. e4 d6 3. d4 cxd4 4. Qxd4 Nc6 5. Qd2 Nf6 6. b3 e6 7. Bb2 d5 8. exd5 exd5 9. O-O-O Be6 10. Nf3 Bb4 11. a3 Ne4 12. Qe3 Nxc3 13. Bxc3 Bxa3+ 14. Kb1 O-O 15. Nd4 Nxd4 16. Qxd4 Qg5 17. Bd3 Rfc8 18.
h4 Qh6 19. g4 Bf8 20. g5 Qh5 21. Rde1 Qf3 22. h5 Bf5 23. h6 Bxd3 24. cxd3 Qf5 25.
hxg7 Bc5 26. Qf6 Qxf6 27. gxf6 Bxf2 28. Rc1 d4 29. Bb4 Be3 30. Rcf1 a5 31. Be7 b5 32. Rh5 h6 33. Rfh1 a4 34. Rxh6 Bxh6 35. Rxh6 1-0

[Event "Late-Titled-Tuesday-Blitz-February-20-2024"]
[Site "Chess.com"]
[Date "2024.02.20"]
[Round "5"]
[White "IraZyne"]
[Black "MKlose11"]
[Result "0-1"]
[WhiteElo "2358"]
[BlackElo "2617"]
[TimeControl "180+1"]
[EndTime "14:54:40 PST"]
[Termination "MKlose11 won by resignation"]

1. e4 e6 2. d4 d5 3. Nc3 Bb4 4. a3 Bxc3+ 5. bxc3 dxe4 6. Qg4 Nf6 7. Qxg7 Rg8 8. Qh6 Rg6 9. Qh4 b6 10. Nh3 Nbd7 11. Bg5 h6 12. Be3 Nd5 13. Qxd8+ Kxd8 14. c4 Nxe3 15. fxe3 e5 16. c3 Ke7 17. Nf2 f5 18. g3 c5 19. Bh3 Rf6 20. O-O cxd4 21. cxd4 Bb7 22. a4 exd4 23. exd4 Rc8 24. Rac1 h5 25. Rfe1 h4 26. Nd3 hxg3 27. hxg3 Rg8 28. Kh2 Rh6 29. Nf4 Kf6 30. Re3 Nf8 31. Kg2 Rgh8 32. Rf1 Kg5 33. d5 R8h7 34. Kg1 Rf7 35. Kg2 Bc8 36.
Ree1 Rfh7 37. Rc1 Rf7 38. c5 bxc5 39. Rxc5 Bd7 40. d6 Ng6 41. Nxg6 Rxg6 42. Rc7 Rxd6 43.
Rxa7 e3 44. Re1 Bc6+ 45. Kg1 Rxa7 0-1

[Event "Late-Titled-Tuesday-Blitz-February-20-2024"]
[Site "Chess.com"]
[Date "2024.02.20"]
[Round "5"]
[White "giovannibrandao7"]
[Black "Eloist"]
[Result "0-1"]
[WhiteElo "2242"]
[BlackElo "2465"]
[TimeControl "180+1"]
[EndTime "14:54:42 PST"]
[Termination "Eloist won on time"]

1. e4 e6 2. d4 d5 3. Nd2 c5 4.
Ngf3 cxd4 5. exd5 Qxd5 6. Bc4 Qd6 7. O-O Nf6 8. Nb3 Nc6 9. Nbxd4 Nxd4 10. Nxd4 a6 11.
c3 Qc7 12. Qe2 Bd6 13. Nf5 Bxh2+ 14. Kh1 O-O 15. Nxg7 Kxg7 16. g3 b5 17. Bd3 Bxg3 18. fxg3 Qxg3 19. Be4 Nxe4 20. Rg1 Bb7 0-1

[Event "Late-Titled-Tuesday-Blitz-February-20-2024"]
[Site "Chess.com"]
[Date "2024.02.20"]
[Round "5"]
[White "BebeBonito2022"]
[Black "kleopl"]
[Result "0-1"]
[WhiteElo "2306"]
[BlackElo "2508"]
[TimeControl "180+1"]
[EndTime "14:54:46 PST"]
[Termination "kleopl won on time"]

1. d4 Nf6 2. c4 e6 3. Nc3 Bb4 4. e3 c5 5. Ne2 cxd4 6. exd4 d5 7.
c5 O-O 8. a3 Bxc3+ 9. Nxc3 b6 10. b4 a5 11. Bb2 axb4 12. axb4 Rxa1 13. Qxa1 Nc6 14. b5 Nxd4 15. Qd1 bxc5 16. Bd3 e5 17. O-O c4 18. Bb1 Qb6 19. Kh1 Re8 20. f4 Nxb5 21.
fxe5 Ng4 22. Nxb5 Qxb5 23. e6 Bxe6 24. Bd4 Qb3 25. Bc2 Qb8 26. g3 f6 27. Qf3 Ne5 0-1

[Event "Late-Titled-Tuesday-Blitz-February-20-2024"]
[Site "Chess.com"]
[Date "2024.02.20"]
[Round "5"]
[White "elchacal664"]
[Black "laziestwin"]
[Result "0-1"]
[WhiteElo "2367"]
[BlackElo "2563"]
[TimeControl "180+1"]
[EndTime "14:54:48 PST"]
[Termination "laziestwin won on time"]

1. c4 c6 2. Nf3 d5 3. cxd5 cxd5 4. g3 Nf6 5. Bg2 e6 6. O-O Bd6 7. b3 O-O 8. Bb2 Nc6 9. d3 e5 10. e3 h6 11. d4 e4 12. Nfd2 Bg4 13. f3 exf3 14. Bxf3 Bxf3 15. Qxf3 Qd7 16. Nc3 Nb4 17. Rad1 Rfe8 18. Ndb1 Rac8 19. a3 Nc2 20. Rd3 Qg4 21. Qf2 Qg6 22. Qxc2 Rxe3 23. Rd2 Qg4 24. Qd1 Qh3 25. Rg2 Ng4 26. Nxd5 Bxg3 27. hxg3 Rxg3 28. Nf6+ gxf6 29. Qxg4+ Qxg4 0-1

[Event "Late-Titled-Tuesday-Blitz-February-20-2024"]
[Site "Chess.com"]
[Date "2024.02.20"]
[Round "5"]
[White "ferdipy"]
[Black "miraitrunks"]
[Result "0-1"]
[WhiteElo "2362"]
[BlackElo "2210"]
[TimeControl "180+1"]
[EndTime "14:54:53 PST"]
[Termination "miraitrunks won by resignation"]

1. e4 c5 2. d4 cxd4 3. c3 d3 4. c4 g6 5. Bxd3 Bg7 6. Nf3 d6 7. O-O Nc6 8. h3 Nf6 9. Nc3 O-O 10. Be3 a6 11. Qe2 e6 12. Rac1 Qc7 13. a3 Rd8 14. b4 b6 15. Rfd1 Bb7 16. Nd2 d5 17. cxd5 exd5 18. exd5 Nxd5 19. Nxd5 Rxd5 20. Be4 Re5 21. Nc4 Rxe4 22. Nxb6 Qxb6 23. Bxb6 Rxe2 24. Rd7 Rb8 25. Bc7 Rc8 26. Bb6 h5 27. Rxb7 Be5 28.
a4 Re8 29. b5 axb5 30. axb5 Nd4 31. Ba7 Rb2 32. b6 Ne2+ 33. Kf1 Nxc1 34. Rd7 Nb3 35. g3 Nc5 36. Rd5 Bb8 37. Rxc5 Bxa7 38. bxa7 Ra8 39.
Rc7 Ra2 40. g4 R2xa7 41. Rc3 hxg4 42. hxg4 Ra4 43. g5 Rg4 44. Rc5 Ra1+ 45. Ke2 Rag1 46. f3 Rxg5 47. Rc8+ Kg7 48. Kf2 R1g2+ 49. Ke3 R2g3 50.
Rc4 Rf5 51. Rh4 Rfxf3+ 52. Kd4 f5 53. Rh1 Rf2 54. Re1 Rd2+ 55. Ke5 Rg4 56. Re3 Re4+ 57. Rxe4 fxe4 58. Kxe4 Rf2 59. Ke3 Rf8 60. Ke4 g5 0-1

[Event "Late-Titled-Tuesday-Blitz-February-20-2024"]
[Site "Chess.com"]
[Date "2024.02.20"]
[Round "5"]
[White "el008"]
[Black "davigator"]
[Result "0-1"]
[WhiteElo "2534"]
[BlackElo "2405"]
[TimeControl "180+1"]
[EndTime "14:54:54 PST"]
[Termination "davigator won by checkmate"]

1. Nf3 Nf6 2. c4 g6 3. b3 Bg7 4. Bb2 O-O 5. g3 a5 6. a3 b6 7.
Bg2 Bb7 8. O-O d6 9. d4 Nbd7 10.
Nc3 Re8 11. Re1 Qc8 12. e4 e5 13. d5 Nc5 14. b4 Na6 15. Qb3 Rb8 16. Nb5 Qd7 17.
h4 Bc8 18. Bc3 Qg4 19. Qc2 h6 20. bxa5 Nc5 21. axb6 Rxb6 22. Nxc7 Re7 23. Nh2 Qd7 24. Nb5 Ba6 25. a4 Re8 26. Reb1 Ra8 27. a5 Rbb8 28. Na3 Na4 29. Bd2 Rc8 30. Nf1 Nc5 31. Ne3 Bf8 32. Nb5 Qd8 33. Qb2 Qd7 34. f3 Nh5 35. Kh2 Rcb8 36. Bf1 Ng7 37. Qc2 f5 38. Nc3 f4 39. gxf4 exf4 40. Ng4 Qe7 41. Be1 h5 42. Nf2 Qxh4+ 43. Nh3 Qf6 44. Rxb8 Rxb8 45. Rb1 Rxb1 46.
Qxb1 g5 47. Nb5 g4 48. Bc3 Qh4 49. Nxd6 Bxd6 50. Qb6 Bf8 51. Bd4 Qg3+ 52. Kh1 gxh3 53. Bxc5 Qxf3+ 54. Kg1 Bxc5+ 55. Qxc5 h2+ 56. Kxh2 Qxf1 57.
d6 Qxc4 58. Qb6 Qe2+ 59. Kh1 Qf1+ 60. Kh2 f3 61. Kg3 Qg2+ 62. Kf4 f2 63. d7 f1=Q+ 64. Ke5 Qg3+ 65. Kd5 Qfd3+ 66. Kc6 Qgd6# 0-1

[Event "Late-Titled-Tuesday-Blitz-February-20-2024"]
[Site "Chess.com"]
[Date "2024.02.20"]
[Round "5"]
[White "ritanovikova"]
[Black "flubs"]
[Result "1-0"]
[WhiteElo "2222"]
[BlackElo "2444"]
[TimeControl "180+1"]
[EndTime "14:54:54 PST"]
[Termination "ritanovikova won by resignation"]

1. e4 c6 2. d4 d5 3. exd5 Qxd5 4. Bd3 Qxg2 5. Qf3 Qxf3 6. Nxf3 Nf6 7. c4 e6 8. Nc3 Bb4 9. Bd2 Nbd7 10. a3 Be7 11. Rg1 g6 12. Bh6 a6 13. b4 b5 14. c5 Nd5 15. Nxd5 exd5 16. Kd2 Kd8 17.
Bf4 Bf6 18. Bg5 h6 19. Bxf6+ Nxf6 20. Ne5 Be6 21. Nxc6+ Kc7 22. Ne5 Rae8 23. a4 Nd7 24.
axb5 Nxe5 25. dxe5 axb5 26. Bxb5 Ra8 27. Bd3 Rhb8 28. b5 g5 29. Rgc1 Kd7 30. Ke3 Ke7 31. Kd4 Rxa1 32. Rxa1 1-0

[Event "Late-Titled-Tuesday-Blitz-February-20-2024"]
[Site "Chess.com"]
[Date "2024.02.20"]
[Round "5"]
[White "Piotrek1979"]
[Black "lluiss"]
[Result "1-0"]
[WhiteElo "2417"]
[BlackElo "2192"]
[TimeControl "180+1"]
[EndTime "14:54:54 PST"]
[Termination "Piotrek1979 won on time"]

1. Nf3 d5 2. e3 c6 3. b3 e6 4. Bb2 f5 5. c4 Nf6 6. Be2 Be7 7.
O-O O-O 8. Qc2 Bd7 9. Ne5 Be8 10. d3 Nbd7 11. Nd2 Rc8 12. f4 Bh5 13. Bxh5 Nxh5 14.
Ndf3 Nhf6 15. a3 Nxe5 16. Nxe5 Nd7 17. b4 Bf6 18. Nf3 Bxb2 19. Qxb2 Qf6 20. Rab1 Qxb2 21. Rxb2 dxc4 22. dxc4 Nb6 23. Ne5 Rfd8 24. Rc2 Rc7 25. Kf2 Kf8 26. Ke2 Ke7 27. h3 Nd7 28. Nf3 Nf6 29. g4 fxg4 30. hxg4 Nxg4 31. Rh1 Nf6 32. Ne5 Kf8 33. Kf3 Kg8 34. Rch2 h6 35. Rg2 Kh7 36.
Rhg1 Rg8 37. Ng6 Rd7 38. Ne5 Rdd8 39. a4 Nd7 40. Nf7 Rdf8 41. Nd6 b6 42. Rd2 Ne5+ 43. Ke4 Nf7 44. Nb7 Rb8 45. Rd7 Nd8 46. Nd6 c5 47. b5 1-0

[Event "Late-Titled-Tuesday-Blitz-February-20-2024"]
[Site "Chess.com"]
[Date "2024.02.20"]
[Round "5"]
[White "Eesha-Karavade"]
[Black "Boundless_Strike"]
[Result "1-0"]
[WhiteElo "2447"]
[BlackElo "2617"]
[TimeControl "180+1"]
[EndTime "14:54:57 PST"]
[Termination "Eesha-Karavade won by resignation"]

1. Nf3 d6 2. d4 e5 3. dxe5 Bg4 4.
g3 Nc6 5. Bg2 Qd7 6. h3 Bh5 7.
exd6 Bxd6 8. Nc3 O-O-O 9. a3 Qe7 10. Bd2 Nf6 11. O-O g5 12. Nxg5 Rhg8 13. Qc1 h6 14. Nge4 Nxe4 15. Nxe4 Nd4 16. Re1 Nxe2+ 17. Rxe2 Bxe2 18.
Bxh6 Be5 19. Qe3 Bb5 20. Qxa7 Bc6 21. Nc5 Qxc5 22. Qxc5 Bd4 23. Qf5+ Bd7 24. Qxf7 Rh8 25. Qd5 Bc6 26. Qf5+ Bd7 27. Qe4 Bc6 28. Qg4+ Bd7 29. Qxd4 Rxh6 30. Qa7 Bc6 31. Bxc6 Rxc6 32. c3 Ra6 33. Qe3 Rad6 34. Re1 Kb8 35. h4 Rd2 36. Re2 Rd1+ 37. Kg2 R1d3 38. Qe7 R3d6 39. h5 R8d7 40. Qf8+ Ka7 41. Re8 Rd2 42. Ra8+ Kb6 43. Qb4+ Kc6 44. Qc4+ Kb6 45. Ra4 c5 46. Qb3+ Kc6 47. Rf4 R7d6 48. Qg8 Rxb2 49. Qe8+ Kb6 50. Qf8 Rbd2 51. h6 Rd8 52. Qf6+ Kb5 53. h7 R2d6 54. Qg7 R6d7 55. Rf7 1-0

[Event "Late-Titled-Tuesday-Blitz-February-20-2024"]
[Site "Chess.com"]
[Date "2024.02.20"]
[Round "5"]
[White "rionelG"]
[Black "jactorres"]
[Result "1-0"]
[WhiteElo "2216"]
[BlackElo "2419"]
[TimeControl "180+1"]
[EndTime "14:54:58 PST"]
[Termination "rionelG won on time"]

1. e4 e5 2. Nf3 Nc6 3. Bb5 a6 4. Ba4 Nf6 5. O-O b5 6. Bb3 Bc5 7. c3 d6 8. d4 Bb6 9. h3 O-O 10.
Re1 h6 11. a4 b4 12. Be3 bxc3 13. bxc3 Rb8 14. Na3 Re8 15. Nc4 Ba7 16. dxe5 dxe5 17. Bxa7 Nxa7 18. Ncxe5 Qxd1 19. Bxf7+ Kf8 20. Raxd1 1-0

[Event "Late-Titled-Tuesday-Blitz-February-20-2024"]
[Site "Chess.com"]
[Date "2024.02.20"]
[Round "5"]
[White "Phamtrangiaphuc2009"]
[Black "Bugcrusher"]
[Result "1-0"]
[WhiteElo "2361"]
[BlackElo "2513"]
[TimeControl "180+1"]
[EndTime "14:54:59 PST"]
[Termination "Phamtrangiaphuc2009 won by resignation"]

1. d3 d5 2. g3 h5 3. Bg2 h4 4. c4 h3 5. Bxd5 Nf6 6. Bf3 e5 7.
Nc3 Bc5 8. Bg5 c6 9. Qd2 a5 10.
Ne4 Nxe4 11. Bxe4 f6 12. Be3 Bb4 13. Bg6+ Kd7 14. Nf3 Bxd2+ 15. Bxd2 Kc7 16. O-O Bg4 17.
Bc3 Bxf3 18. exf3 Nd7 19. Rfe1 Nc5 20. f4 Nxd3 21. Red1 Nxf4 22. Rxd8 Nxg6 23. Rxh8 Nxh8 24. Re1 Nf7 25. f4 Kd6 26. Rd1+ Ke6 27. Kf2 a4 28. Kf3 Rd8 29. Re1 Rd3+ 30. Kg4 a3 31. Re2 axb2 32. Bxb2 f5+ 33. Kxh3 e4 34. Bxg7 Nd6 35. c5 Nc4 36. Kh4 Kd5 37. g4 fxg4 38. Kxg4 Ne3+ 39. Kg5 Kxc5 40.
f5 Nd5 41. Rxe4 Rd2 42. h4 Rg2+ 43. Rg4 Rh2 44. f6 Kd6 45. f7 1-0